 Dungeon Crawl Stone Soup version 0.18-a0-884-gb6cfd45 (webtiles) character file.

27529 Duffy the Thaumaturge (level 13, 0/100 HPs)
             Began as a Spriggan Earth Elementalist on Dec 22, 2015.
             Was an Elder of Vehumet.
             Slain by a six-headed hydra (2 damage)
             ... on level 3 of the Lair of Beasts.
             The game lasted 00:29:11 (17386 turns).

Duffy the Thaumaturge (SpEE)                       Turns: 17386, Time: 00:29:11

Health: 0/100      AC: 26    Str:  9    XL:     13   Next: 4%
Magic:  27/27      EV:  4    Int: 26    God:    Vehumet [****..]
Gold:   928        SH:  0    Dex: 19    Spells: 2 memorised, 27 levels left

rFire  + . .     SeeInvis +     a - +5 quarterstaff (chaos)
rCold  + . .     Gourm    .     (armour currently unavailable)
rNeg   + + +     Faith    .     (shield currently unavailable)
rPois  +         Spirit   .     (helmet currently unavailable)
rElec  +         Dismiss  .     (cloak currently unavailable)
rCorr  +         Reflect  .     (gloves unavailable)
SustAt .         Harm     .     (boots unavailable)
MR     ++...     NoTele   +     (no amulet)
Stlth  +++.......               E - +2 ring of intelligence
                                F - ring of poison resistance

@: mighty, brilliant, exhausted, tree-form, resistant, very slightly
contaminated, hasted and slowed, very resistant to hostile enchantments, fairly
stealthy
A: unfitting armour, see invisible, agile 1, dopey 1, herbivore 3, (speed 0),
low mp 1, slow metabolism 2
a: Renounce Religion


You were on level 3 of the Lair of Beasts.
You worshipped Vehumet.
Vehumet was greatly pleased with you.
You were hungry.
You were a tree.
You visited 2 branches of the dungeon, and saw 14 of its levels.
You also visited: Volcano.

You collected 928 gold pieces.


Innate Abilities, Weirdness & Mutations

You are tiny and cannot use many weapons and most armour.
You have supernaturally acute eyesight.
You are a herbivore.
((You cover ground extremely quickly.))
You need consume almost no food.
You are agile. (Dex +2)
You are dopey. (Int -2)
Your magical capacity is low (-10% MP).


   Skills:
 - Level 7.5 Fighting
 - Level 9.0 Dodging
 - Level 3.0 Stealth
 + Level 12.9 Spellcasting
 + Level 9.0 Conjurations
 - Level 2.5 Transmutations
 - Level 9.0 Earth Magic


You had 27 spell levels left.
You knew the following spells:

 Your Spells              Type           Power        Failure   Level  Hunger
a - Orb of Destruction    Conj           ######....   14%         7    ######.
P - Passwall              Trmt/Erth      ######....   1%          3    None

Inventory:

Hand Weapons
 a - a +5 quarterstaff of chaos (weapon)
 Q - a +0 scimitar of protection
Missiles
 b - 230 stones (quivered)
 h - 42 poisoned needles
 V - 4 throwing nets
Armour
 m - a +1 cloak (melded)
 W - a +1 robe of fire resistance (melded)
Jewellery
 B - an uncursed ring of protection from fire
 E - a +2 ring of intelligence (right branch)
 F - a ring of poison resistance (left branch)
Wands
 r - a wand of fireball (7/15)
 H - a wand of teleportation (7/9)
 I - a wand of draining (5/15)
 N - a wand of paralysis (9/24)
 O - a wand of disintegration (19/24)
 P - a wand of flame (29/48)
Scrolls
 f - a scroll of holy word
 i - 7 scrolls of remove curse
 j - 3 scrolls of magic mapping
 k - 2 scrolls of fear
 o - 3 scrolls of immolation
 q - 4 scrolls of enchant armour
 y - 3 scrolls of blinking
Potions
 e - 2 potions of ambrosia
 g - 4 potions of haste
 p - a potion of heal wounds
 w - 7 potions of curing
 z - 2 potions of magic
 D - a potion of poison
 T - a potion of invisibility
 X - a potion of berserk rage
Books
 c - a book of Geomancy
 M - a Young Poisoner's Handbook
Comestibles
 d - 5 bread rations
 x - 20 royal jellies
 C - 2 fruits
 U - 2 slices of pizza

Dungeon Overview and Level Annotations

Branches:
Dungeon (11/15)            Temple (0/1) D:6            Lair (3/8) D:11
    Orc (0/2) D:10
  Swamp: Lair:3-6    Shoals: Lair:3-6     Snake: Lair:3-6    Spider: Lair:3-6

Altars:
Ashenzari
Elyvilon
Gozag
Makhleb
Nemelex Xobeh
Ru
Vehumet
Yredelemnul
Zin

Shops:
D:5 (

Annotations:
D:7 Duffy's ghost, novice TeSu; Joseph


Message History

The six-headed hydra bites you but does no damage.
Drink which item? (? for menu, Esc to quit)
A red film seems to cover your vision as you go berserk!
You feel yourself moving faster!
You feel mighty! The basilisk gazes at you. You resist with almost no effort.
The six-headed hydra bites you but does no damage. x2
The six-headed hydra bites you.
The six-headed hydra bites you but does no damage. x3
You feel a strong urge to attack something.
The basilisk bites you but does no damage.
The six-headed hydra bites you but does no damage.
The six-headed hydra bites you.
The six-headed hydra bites you but does no damage.
The six-headed hydra bites you! x2
The six-headed hydra bites you but does no damage.
You feel your anger subside.
The basilisk bites you but does no damage.
The six-headed hydra completely misses you.
The six-headed hydra bites you!
The six-headed hydra bites you but does no damage. x2
The six-headed hydra bites you. The six-headed hydra barely misses you.
You are no longer berserk.
You are exhausted.
You feel yourself slow down.
You are feeling hungry.
The basilisk bites you but does no damage.
The six-headed hydra bites you but does no damage.
The six-headed hydra barely misses you. x2
The six-headed hydra bites you. The six-headed hydra barely misses you.
The six-headed hydra bites you!
The basilisk bites you but does no damage.
The six-headed hydra closely misses you.
The six-headed hydra bites you.
You die...

..## #?. # ## ###.###
..###. #.....# ......#
# ####..#.##
.......#.##..#P.#.####
........##...........#
P.......#...>..l.....#
.......7D#...........#
....<.#.l..<..<.......#
..... ##.............##
.... #..............#
### #.............##
##.###.#.###### ###
#####


You could see a six-headed hydra and a basilisk.

Action                   |  1- 3 |  4- 6 |  7- 9 | 10-12 | 13-15 || total
-------------------------+-------+-------+-------+-------+-------++-------
 Cast: Sandblast         |   106 |   120 |    82 |   138 |       ||   446
       Stone Arrow       |       |       |   189 |   172 |       ||   361
  Use: Scroll            |       |       |    13 |    14 |       ||    27
       Potion            |       |       |       |     8 |     6 ||    14
  Eat: Bread ration      |       |       |     2 |       |       ||     2

Notes
Turn   | Place    | Note
--------------------------------------------------------------
     0 | D:1      | Duffy the Spriggan Earth Elementalist began the quest for the Orb.
     0 | D:1      | Reached XP level 1. HP: 9/9 MP: 5/5
   283 | D:1      | Reached skill level 3 in Spellcasting
   336 | D:1      | Reached skill level 3 in Earth Magic
   412 | D:1      | Reached XP level 2. HP: 8/13 MP: 0/7
  1649 | D:1      | Reached XP level 3. HP: 14/16 MP: 0/9
  1875 | D:2      | Reached skill level 4 in Spellcasting
  2086 | D:2      | Reached XP level 4. HP: 18/21 MP: 7/11
  2601 | D:2      | Learned a level 3 spell: Stone Arrow
  2605 | D:2      | Learned a level 3 spell: Passwall
  2647 | D:3      | Reached skill level 4 in Earth Magic
  2772 | D:3      | Found a white marble altar of Elyvilon.
  2870 | D:3      | Reached XP level 5. HP: 24/24 MP: 7/13
  2873 | D:3      | Noticed Robin
  2886 | D:3      | Killed Robin
  2886 | D:3      | Reached skill level 5 in Spellcasting
  2999 | D:3      | Noticed conein's ghost (amateur DEWz)
  3055 | D:3      | Killed conein's ghost
  3373 | D:3      | Noticed Crazy Yiuf
  3380 | D:3      | Killed Crazy Yiuf
  3380 | D:3      | Reached XP level 6. HP: 28/28 MP: 11/15
  3460 | D:3      | Found a radiant altar of Vehumet.
  3758 | D:3      | Reached skill level 6 in Spellcasting
  3825 | D:3      | Became a worshipper of Vehumet
  4102 | D:4      | Found a shattered altar of Ashenzari.
  4200 | D:4      | Reached skill level 5 in Earth Magic
  4584 | D:5      | Entered Level 5 of the Dungeon
  4611 | D:5      | Found Comnaby's Antique Weapon Emporium.
  4694 | D:5      | Reached XP level 7. HP: 32/32 MP: 13/18
  4740 | D:5      | Reached skill level 7 in Spellcasting
  5394 | D:5      | Reached * piety under Vehumet
  5394 | D:5      | Offered knowledge of Sting by Vehumet.
  6297 | D:6      | Reached skill level 6 in Earth Magic
  6333 | D:6      | Found a staircase to the Ecumenical Temple.
  6567 | D:6      | Reached skill level 8 in Spellcasting
  6567 | D:6      | Reached skill level 1 in Conjurations
  6574 | D:6      | Reached XP level 8. HP: 36/36 MP: 9/21
  6811 | D:6      | Reached skill level 2 in Conjurations
  7703 | D:6      | Reached skill level 3 in Conjurations
  7735 | D:5      | Reached skill level 9 in Spellcasting
  7861 | D:6      | Reached skill level 4 in Conjurations
  8029 | D:6      | Reached XP level 9. HP: 39/39 MP: 16/23
  8148 | D:7      | Noticed Joseph
  8246 | D:7      | Found a sacrificial altar of Ru.
  8292 | D:7      | Offered knowledge of Magic Dart by Vehumet.
  8295 | D:7      | Reached ** piety under Vehumet
  8295 | D:7      | Reached skill level 5 in Conjurations
  8371 | D:7      | Noticed Duffy's ghost (novice TeSu)
  9339 | D:8      | Reached skill level 6 in Conjurations
  9805 | D:8      | Reached skill level 2 in Transmutations
  9974 | D:8      | Reached skill level 7 in Earth Magic
 10138 | D:8      | Reached skill level 1 in Fighting
 10468 | D:8      | Offered knowledge of Inner Flame by Vehumet.
 10485 | D:8      | Found a basalt altar of Yredelemnul.
 10695 | D:8      | Reached skill level 2 in Fighting
 10840 | D:7      | Found a glowing silver altar of Zin.
 10957 | D:8      | Reached *** piety under Vehumet
 10988 | D:8      | Found a sparkling altar of Nemelex Xobeh.
 11162 | D:10     | Entered Level 10 of the Dungeon
 11456 | D:10     | Reached skill level 3 in Fighting
 11469 | D:10     | Reached skill level 4 in Dodging
 11749 | D:10     | Noticed a hill giant
 11757 | D:10     | Killed a hill giant
 11757 | D:10     | Offered knowledge of Iskenderun's Mystic Blast by Vehumet.
 11757 | D:10     | Reached XP level 10. HP: 47/49 MP: 14/24
 11808 | D:9      | Noticed Erica
 11839 | D:10     | Killed Erica
 11839 | D:10     | Reached skill level 4 in Fighting
 11839 | D:10     | Reached skill level 5 in Dodging
 11839 | D:10     | Reached skill level 8 in Earth Magic
 12044 | D:10     | Reached skill level 6 in Dodging
 12244 | D:10     | Reached skill level 5 in Fighting
 12713 | D:10     | Found a staircase to the Orcish Mines.
 12899 | D:9      | Noticed a deep elf mage
 12916 | D:9      | Killed a deep elf mage
 12916 | D:9      | Reached **** piety under Vehumet
 12916 | D:9      | Reached skill level 7 in Dodging
 13043 | D:9      | Reached skill level 6 in Fighting
 13124 | D:9      | Offered knowledge of Throw Icicle by Vehumet.
 13340 | D:9      | Found an opulent altar of Gozag.
 13406 | D:9      | Reached XP level 11. HP: 43/58 MP: 4/25
 13586 | D:9      | Found a burning altar of Makhleb.
 13586 | D:9      | Noticed an Executioner
 13647 | D:9      | Reached skill level 8 in Dodging
 14162 | D:9      | Reached ***** piety under Vehumet
 14162 | D:9      | Offered knowledge of Orb of Destruction by Vehumet.
 14172 | D:9      | Reached skill level 9 in Earth Magic
 14177 | D:9      | Reached skill level 7 in Fighting
 14410 | D:11     | Noticed Harold
 14477 | D:11     | Killed Harold
 14477 | D:11     | Reached skill level 9 in Dodging
 14605 | D:11     | Found a staircase to the Lair.
 14610 | Lair:1   | Entered Level 1 of the Lair of Beasts
 14647 | Lair:1   | Found a dark tunnel.
 14652 | Volcano  | Entered a volcano
 14672 | Volcano  | Noticed an ogre mage
 14672 | Volcano  | Noticed a hill giant
 14680 | Volcano  | Killed a hill giant
 14684 | Volcano  | Killed an ogre mage
 15172 | Lair:1   | Reached skill level 10 in Spellcasting
 15532 | Lair:1   | Reached skill level 7 in Conjurations
 16521 | Lair:2   | Reached skill level 11 in Spellcasting
 16699 | Lair:2   | Reached XP level 12. HP: 57/63 MP: 12/28
 17286 | Lair:2   | Learned a level 7 spell: Orb of Destruction
 17290 | Lair:3   | Noticed a six-headed hydra
 17315 | Lair:2   | Gained mutation: You are dopey. (Int -2) [potion of mutation]
 17315 | Lair:2   | Gained mutation: You are agile. (Dex +2) [potion of mutation]
 17315 | Lair:2   | Gained mutation: Your magical capacity is low (-10% MP). [potion of mutation]
 17369 | Lair:3   | Reached skill level 12 in Spellcasting
 17369 | Lair:3   | Reached skill level 9 in Conjurations
 17369 | Lair:3   | Reached XP level 13. HP: 44/67 MP: 25/27
 17386 | Lair:3   | Slain by a six-headed hydra

Vault maps used:
D:1:      nicolae_arrival_washed_ashore
D:3:      elyvilon_altar_3, fiery_altar_vehumet, minmay_splitting_lines,
          minmay_gold_behind_fungi, uniq_crazy_yiuf_cottage, uniq_robin
D:4:      nicolae_ashenzari_panopticon
D:5:      serial_shops, nicolae_shop_crystal, first_bread, serial_bayou_lake_a
D:6:      temple_statues
D:7:      lemuel_ice_spiral_2, zin_scriptorium, lemuel_doored_altar,
          nicolae_ru_the_path_less_chosen, minivault_5, cheibriados_altar_1,
          uniq_joseph
D:8:      lemuel_round_altar, minmay_door_square, nemelex_dance_club_becter
D:9:      makhleb_altar_promises_db, nicolae_gozag_seed_capital, special_room,
          david_nohive_1, uniq_erica
D:10:     david_orc_4, serial_column_ruins, column_ruins_hut,
          column_ruins_open_tiny, column_ruins_grid_3, column_ruins_open_medium,
          column_ruins_columns_plus
D:11:     lair_0_dummy, minmay_radiant, uniq_psyche, uniq_urug, uniq_gastronok,
          uniq_harold
Lair:1:   enter_volcano_4
Lair:2:   nicolae_quartered_pool_medium, grunt_megastairs_3
Lair:3:   minmay_snake_entry_guardpost_small
Volcano:  volcano_pools

Vanquished Creatures
  Harold Erica
  An ogre mage
  2 hill giants
  A deep elf mage
  A black mamba
  A gargoyle
  A centaur skeleton
  2 komodo dragons
  A fire drake
  3 two-headed ogres
  2 queen bees
  3 blink frogs
  A wyvern
  9 yaks
  2 hungry ghosts
  4 hippogriffs
  2 water moccasins
  3 porcupines
  2 sky beasts
  6 orc warriors
  4 black bears
  An ice beast
  8 ogres
  A phantom
  2 centaurs
  A big kobold
  The ghost of conein the Magician, an amateur DEWz
  9 giant frogs
  3 scorpions
  A gnoll sergeant
  40 killer bees
  An electric eel
  3 crimson imps
  9 orc wizards Crazy Yiuf
  11 orc priests
  3 hounds
  4 jellies
  2 quasits
  A giant frog skeleton
  5 iguanas
  7 worker ants
  A killer bee zombie
  4 hound zombies Robin
  4 gnolls
  6 river rats
  A worker ant zombie
  18 adders
  3 shadow imps
  An ooze
  An adder skeleton
  A worm
  5 giant geckos
  46 orcs
  2 ball pythons
  2 giant cockroaches
  11 hobgoblins
  13 jackals
  12 bats
  6 giant newts
  20 goblins
  8 kobolds
  4 quokkas
  A quokka zombie
  7 rats
  3 fungi
348 creatures vanquished.
